 Dungeon Crawl Stone Soup version 0.21.0-30-g47ce8e4 (webtiles) character file.

166 tidbits the Sneak (level 5, 38/43 HPs)
             Began as a Gnoll Assassin on Jan 28, 2018.
             Quit the game on level 3 of the Dungeon.
             The game lasted 00:07:56 (1008 turns).

tidbits the Sneak (Gnoll Assassin)                  Turns: 1008, Time: 00:07:56

Health: 38/43      AC:  3    Str: 14    XL:     5   Next: 47%
Magic:  7/7        EV: 13    Int: 14    God:
Gold:   124        SH:  0    Dex: 16    Spells: 6/6 levels left

rFire    . . .     SeeInvis .   a - +2 dagger
rCold    . . .     Gourm    .   (no shield)
rNeg     . . .     Faith    .   c - +0 robe
rPois    .         Spirit   .   (no helmet)
rElec    .         Reflect  .   d - +0 cloak
rCorr    .         Harm     .   (no gloves)
MR       .....                  (no boots)
Stlth    ++++......             m - amulet of rage
HPRegen  0.14/turn              q - ring of flight
MPRegen  0.10/turn              (no ring)

@: no status effects
A: distributed training, fangs 1, strong nose
a: Evoke Berserk Rage, Evoke Flight


You were on level 3 of the Dungeon.
You were not hungry.

You visited 2 branches of the dungeon, and saw 5 of its levels.

You collected 124 gold pieces.

Inventory:

Hand Weapons
 a - a +2 dagger (weapon)
 b - a +0 blowgun
 h - a +0 halberd
 j - a +0 halberd of chopping
   (You took it off a gnoll on level 3 of the Dungeon)
Missiles
 e - 7 poisoned needles
 f - 2 curare-tipped needles
 l - 27 bolts
Armour
 c - a +0 robe (worn)
 d - a +0 cloak (worn)
Jewellery
 m - an amulet of rage (around neck)
   (You found it on level 1 of the Dungeon)
 q - a ring of flight (left hand)
   (You found it on level 2 of the Dungeon)
Scrolls
 i - 2 scrolls of enchant weapon {unknown}
 k - 2 scrolls of teleportation
 n - a scroll of remove curse {unknown}
 o - a scroll of identify {unknown}
 p - a scroll of immolation {unknown}
 r - a scroll of random uselessness {unknown}
 s - a scroll of enchant armour {unknown}
Potions
 t - a potion of might {unknown}
Comestibles
 g - 3 rations


   Skills:
 + Level 4.8 Fighting
 + Level 4.8 Short Blades
 + Level 1.4 Long Blades
 + Level 1.4 Axes
 + Level 1.4 Maces & Flails
 + Level 1.4 Polearms
 + Level 1.4 Staves
 + Level 1.4 Slings
 + Level 1.4 Bows
 + Level 1.4 Crossbows
 + Level 4.8 Throwing
 + Level 1.4 Armour
 + Level 3.0 Dodging
 + Level 7.9 Stealth
 + Level 1.4 Shields
 + Level 1.4 Unarmed Combat
 + Level 1.4 Spellcasting
 + Level 1.1 Conjurations
 + Level 1.1 Hexes
 + Level 1.1 Charms
 + Level 1.1 Summonings
 + Level 1.1 Necromancy
 + Level 1.1 Translocations
 + Level 1.1 Transmutations
 + Level 1.1 Fire Magic
 + Level 1.1 Ice Magic
 + Level 1.1 Air Magic
 + Level 1.1 Earth Magic
 + Level 1.1 Poison Magic
 + Level 1.6 Invocations
 + Level 1.4 Evocations


You had 6 spell levels left.
You didn't know any spells.

Dungeon Overview and Level Annotations

Branches:
Dungeon (4/15)             Temple (1/1) D:4

Altars:
Ashenzari
Dithmenos
Elyvilon
Hepliaklqana
Makhleb
Qazlal
Ru
Sif Muna
Uskayaw
Vehumet
Wu Jian
Xom
Zin
The Shining One

Annotations:
D:4 cada's ghost, amateur NaTm


Innate Abilities, Weirdness & Mutations

Your experience applies equally to all skills.
You have very sharp teeth.
Your uncanny sense of smell can sniff out nearby items.


Message History

You feel strangely unstable.
It was a scroll of teleportation.
Okay, then.
You climb upwards.
Welcome back to the Dungeon!
Your surroundings suddenly seem different.
Found a robe.
A leopard gecko skeleton comes into view.
a - a +2 dagger (weapon)
The helpless leopard gecko skeleton fails to defend itself.
You skewer the leopard gecko skeleton like a kebab!!!
You destroy the leopard gecko skeleton!
b - a +0 blowgun (weapon)
Firing (i - inventory. (,) - cycle):
f - 2 curare-tipped needles (quivered)
Press: ? - help, Shift-Dir - straight line, f - worker ant
Aim: a worker ant (hasn't noticed you)
You shoot a curare-tipped needle.
The curare-tipped needle hits the worker ant.
The worker ant is poisoned.
The worker ant convulses.
The worker ant seems to slow down.
The worker ant is heavily wounded.
a - a +2 dagger (weapon)
You kill the worker ant!
You see here a worker ant corpse.
A crimson imp comes into view.
Found a fizzy black potion.
You see here a curare-tipped needle.
f - 2 curare-tipped needles (gained 1)
The crimson imp blinks!
The crimson imp hits you.
You see here a fizzy black potion.
You hit the crimson imp but do no damage.
The crimson imp blinks!
t - a fizzy black potion You closely miss the crimson imp.
You closely miss the crimson imp. The crimson imp barely misses you.
You hit the crimson imp but do no damage.
The crimson imp closely misses you.
You hit the crimson imp.
The crimson imp is lightly wounded.
The crimson imp grinds its teeth.
The crimson imp completely misses you.
You miss the crimson imp.
You bite the crimson imp, but do no damage.
You are feeling very hungry.
The crimson imp hits you.
You miss the crimson imp. You hit the crimson imp.
The crimson imp is moderately wounded.
The crimson imp hits you.
You hit the crimson imp.
You bite the crimson imp, but do no damage.
The crimson imp is moderately wounded.
The crimson imp misses you.
You closely miss the crimson imp.
The crimson imp is moderately wounded.
The crimson imp closely misses you.
You hit the crimson imp.
The crimson imp is heavily wounded.
The crimson imp blinks!
The crimson imp shouts, "Scamper home, thou gorbellied shard-borne dewberry!"
The crimson imp blinks!
You see here a scroll labeled OHAUSE YJOPT.
i - 2 scrolls labeled OHAUSE YJOPT (gained 1)
The crimson imp puffs mist at you.
The crimson imp blinks!
You open the door. The crimson imp barely misses you.
There is an open door here.
Found a shiny scale mail.
The crimson imp shouts, "Get thee hence, thou goatish pigeon-egg erk!"
A worker ant comes into view.
You see here a shiny scale mail.
Cada's ghost (amateur Naga Transmuter) comes into view.
Found a scroll of teleportation.
The crimson imp grinds its teeth.
The crimson imp shouts, "Slither home, thou rank sow-suckled minnow reeky!"
The crimson imp blinks!
There is a stone staircase leading up here.
You climb upwards.
An adder and a jackal come into view.
Found a ration.
There is a stone staircase leading down here.
The helpless adder fails to defend itself.
You stick the adder like a pincushion!!!
You kill the adder!
Your Dodging skill increases to level 3!
You see here an adder corpse.
You butcher the adder corpse.
You see here 2 chunks of flesh.
Eat one of 2 chunks of flesh? (ye/n/q)
You eat one of the 2 chunks of flesh.
This raw flesh tastes terrible.
You see here a ration.
g - 3 rations (gained 1)
A kobold comes into view. It is wielding a dagger.
The helpless kobold fails to defend itself.
You spit the kobold like a pig!!!
You kill the kobold!
You see here a dagger.
You open the door.
There is an open door here.
Found 13 stones.
Are you sure you want to abandon this character and quit the game? (Confirm with "yes".)

### ## #.. ..# #.#
###.# #.# ..#.#
###.# #.#(# ###
#...# #.#.# #..
#..@###.#.########..
#................'..
#....####.###### #..
#....# #.# #..
#....# #.# ########
####.# #.# #....#
#%# #.# #....#
###.####.###..).#
#......#...'....#


There were no monsters in sight!

Vanquished Creatures
  A worker ant (D:4)
  5 gnolls
  6 adders
  A leopard gecko (D:3)
  An orc (D:3)
  3 bats
  2 giant cockroaches
  5 goblins
  4 hobgoblins (D:1)
  4 jackals (D:2)
  A quokka (D:2)
  2 frilled lizards
  5 kobolds
  A leopard gecko skeleton (D:4)
  A rat (D:1)
42 creatures vanquished.

Notes
Turn   | Place    | Note
-------+----------+-------------------------------------------
     0 | D:1      | tidbits the Gnoll Assassin began the quest for the Orb.
     0 | D:1      | Reached XP level 1. HP: 20/20 MP: 1/1
     9 | D:1      | Reached XP level 2. HP: 26/26 MP: 2/2
   310 | D:2      | Reached XP level 3. HP: 31/31 MP: 3/3
   457 | D:2      | Reached skill level 1 in Invocations
   664 | D:3      | Reached skill level 1 in Long Blades
   664 | D:3      | Reached skill level 1 in Axes
   664 | D:3      | Reached skill level 1 in Maces & Flails
   664 | D:3      | Reached skill level 1 in Polearms
   664 | D:3      | Reached skill level 1 in Staves
   664 | D:3      | Reached skill level 1 in Slings
   664 | D:3      | Reached skill level 1 in Bows
   664 | D:3      | Reached skill level 1 in Crossbows
   664 | D:3      | Reached skill level 1 in Armour
   664 | D:3      | Reached skill level 1 in Shields
   664 | D:3      | Reached skill level 1 in Unarmed Combat
   664 | D:3      | Reached skill level 1 in Spellcasting
   664 | D:3      | Reached skill level 1 in Evocations
   674 | D:3      | Reached XP level 4. HP: 38/38 MP: 5/5
   683 | D:3      | Reached skill level 1 in Conjurations
   683 | D:3      | Reached skill level 1 in Hexes
   683 | D:3      | Reached skill level 1 in Charms
   683 | D:3      | Reached skill level 1 in Summonings
   683 | D:3      | Reached skill level 1 in Necromancy
   683 | D:3      | Reached skill level 1 in Translocations
   683 | D:3      | Reached skill level 1 in Transmutations
   683 | D:3      | Reached skill level 1 in Fire Magic
   683 | D:3      | Reached skill level 1 in Ice Magic
   683 | D:3      | Reached skill level 1 in Air Magic
   683 | D:3      | Reached skill level 1 in Earth Magic
   683 | D:3      | Reached skill level 1 in Poison Magic
   702 | D:3      | Reached XP level 5. HP: 39/43 MP: 6/6
   789 | D:4      | Found a staircase to the Ecumenical Temple.
   799 | Temple   | Entered the Ecumenical Temple
   956 | D:4      | Noticed cada's ghost (amateur NaTm)
   968 | D:3      | Reached skill level 3 in Dodging
  1008 | D:3      | Quit the game

Skill      XL: |  1  2  3  4  5 |
---------------+----------------+-----
Invocations    | 1 |  1.6
Long Blades    | 1 |  1.4
Axes           | 1 |  1.4
Maces & Flails | 1 |  1.4
Polearms       | 1 |  1.4
Staves         | 1 |  1.4
Slings         | 1 |  1.4
Bows           | 1 |  1.4
Crossbows      | 1 |  1.4
Armour         | 1 |  1.4
Shields        | 1 |  1.4
Unarmed Combat | 1 |  1.4
Spellcasting   | 1 |  1.4
Evocations     | 1 |  1.4
Conjurations   | 1 |  1.1
Hexes          | 1 |  1.1
Charms         | 1 |  1.1
Summonings     | 1 |  1.1
Necromancy     | 1 |  1.1
Translocations | 1 |  1.1
Transmutations | 1 |  1.1
Fire Magic     | 1 |  1.1
Ice Magic      | 1 |  1.1
Air Magic      | 1 |  1.1
Earth Magic    | 1 |  1.1
Poison Magic   | 1 |  1.1
Dodging        | 3 |  3.0
Fighting       | |  4.8
Short Blades   | |  4.8
Throwing       | |  4.8
Stealth        | |  7.9

Action                   |  1- 3 |  4- 6 || total
-------------------------+-------+-------++-------
Melee: Dagger            |    65 |    32 ||    97
       Bite              |     7 |     3 ||    10
 Fire: Blowgun           |     6 |     2 ||     8
 Abil: Evoke Berserk Rag |     1 |       ||     1
  Use: Potion            |     1 |       ||     1
       Scroll            |       |     1 ||     1
 Stab: Sleeping          |    13 |     6 ||    19
  Eat: Chunk             |       |     1 ||     1
Armor: Robe              |     8 |     3 ||    11
Dodge: Dodged            |    23 |    14 ||    37

Table legend:
 A = Turns spent in this place as a percentage of turns spent in the entire game.
 B = Non-inter-level travel turns spent in this place as a percentage of non-inter-level travel turns spent in the entire game.
 C = Inter-level travel turns spent in this place as a percentage of turns spent in this place.
 D = Turns resting spent in this place as a percentage of non-inter-level travel turns spent in this place.
 E = Turns spent auto-exploring this place as a percentage of non-inter-level travel turns spent in this place.
 F = Non-inter-level travel turns spent in this place divided by the number of levels of this place that you've seen.
                   A       B       C       D       E      F
               +-------+-------+-------+-------+-------+----------------------
         Total | 100.0 | 100.0 |   1.1 |   0.0 |   0.0 | 199.4
       Dungeon |  90.2 |  91.2 |   0.0 |   0.0 |   0.0 | 227.2
        Temple |   9.8 |   8.8 |  11.1 |   0.0 |   0.0 |  88.0
               +-------+-------+-------+-------+-------+----------------------

Table legend:
 A = Kills in this place as a percentage of kills in entire the game.
 B = Kills by you in this place as a percentage of kills by you in the entire game.
 C = Kills by friends in this place as a percentage of kills by friends in the entire game.
 D = Other kills in this place as a percentage of other kills in the entire game.
 E = Experience gained in this place as a percentage of experience gained in the entire game.
 F = Experience gained in this place divided by the number of levels of this place that you have seen.
                   A       B       C       D       E      F
               +-------+-------+-------+-------+-------+----------------------
         Total | 100.0 | 100.0 |   N/A |   N/A | 100.0 |  47.6
       Dungeon |  97.6 |  97.6 |   N/A |   N/A |  99.2 |  59.0
        Temple |   2.4 |   2.4 |   N/A |   N/A |   0.8 |   2.0
               +-------+-------+-------+-------+-------+----------------------

Vault maps used:
D:1:      saegor_arrival_simple_a
D:2:      uniq_jessica
D:4:      okawaru_gym_becter, minmay_temple_entry_butterflies,
          minmay_misc_feat_roman
Temple:   eino_narrow_crystal_temple
